 Dungeon Crawl Stone Soup version 0.29-a0-876-gfc89b1a5bd (webtiles) character file.

Game seed: 11260297936701344640

28380 clackabat the Severer (level 13, -1/122 HPs)
             Began as a Minotaur Monk on July 19, 2022.
             Was an Elder of Qazlal.
             Slain by a 14-headed hydra (4 damage)
             ... on level 1 of the Lair of Beasts.
             The game lasted 00:24:15 (10117 turns).

clackabat the Severer (Minotaur Monk)              Turns: 10117, Time: 00:24:16

Health: -1/122     AC: 15    Str: 17    XL:     13   Next: 9%
Magic:  12/12      EV: 19    Int:  9    God:    Qazlal [****..]
Gold:   764        SH: 12    Dex: 21    Spells: 12/12 levels left

rFire   + . .      SeeInvis .   W - +4 war axe
rCold   + . .      Faith    .   z - +0 buckler
rNeg    . . .      Spirit   .   b - +0 steam dragon scales
rPois   .          Reflect  .   E - +2 hat
rElec   .          Harm     .   h - scarf {rC+ rF+}
rCorr   .          Rampage  .   U - +1 pair of gloves
Will    .....                   (no boots)
Stlth   +.........              x - amulet of regeneration
HPRegen 1.10/turn               A - +4 ring of protection
MPRegen 0.13/turn               F - +6 ring of dexterity

@: repel missiles
A: horns 2, retaliatory headbutt
a: Renounce Religion, Upheaval, Elemental Force


You were on level 1 of the Lair of Beasts.
You worshipped Qazlal.
Qazlal was greatly pleased with you.
You visited 3 branches of the dungeon, and saw 13 of its levels.
You also visited: Bailey.

You collected 764 gold pieces.

Inventory:

Hand Weapons
 W - a +4 war axe (weapon)
Missiles
 o - 7 throwing nets
 r - 48 poisoned darts (quivered)
Armour
 b - +0 steam dragon scales (worn)
 h - a scarf of resistance (worn)
 j - a +0 leather armour
 z - a +0 buckler (worn)
 E - a +2 hat (worn)
 U - a +1 pair of gloves (worn)
 V - a +3 chain mail of poison resistance
Jewellery
 n - a ring of flight
 p - a ring of see invisible
 v - a ring of fire
 x - an amulet of regeneration (around neck)
 A - a +4 ring of protection (left hand)
 F - a +6 ring of dexterity (right hand)
 H - a +6 ring of strength
Wands
 t - a wand of roots (5)
 u - a wand of digging (3)
 y - a wand of mindburst (30)
 L - a wand of flame (11)
 N - a wand of paralysis (2)
 Q - a wand of polymorph (8)
Scrolls
 d - 2 scrolls of enchant armour
 f - 5 scrolls of immolation
 g - 2 scrolls of enchant weapon
 i - a scroll of blinking
 l - 3 scrolls of poison
 q - 2 scrolls of fear
 s - 4 scrolls of teleportation
 G - 2 scrolls of silence
 M - a scroll of fog
 T - a scroll of amnesia
Potions
 c - a potion of ambrosia
 e - a potion of magic
 w - 2 potions of attraction
 B - 6 potions of heal wounds
 C - 2 potions of brilliance
 D - a potion of might
 I - a potion of berserk rage
 J - 3 potions of curing
 K - a potion of lignification
 O - 2 potions of haste
 P - a potion of invisibility
 R - a potion of flight {unknown}
 S - a potion of mutation {unknown}


   Skills:
 + Level 13.6 Fighting
 - Level 15.5 Axes
 + Level 10.4 Armour
 + Level 10.3 Dodging
 - Level 1.5 Stealth
 + Level 7.8 Shields


You had 12 spell levels left.
You didn't know any spells.
Your spell library contained the following spells:

 Spells                   Type           Power      Damage    Failure   Level
 Beastly Appendage        Tmut           0%         N/A       45%         1
 Static Discharge         Conj/Air       0%         3-3/arc   58%         2
 Wereblood                Tmut           0%         N/A       58%         2
 Spider Form              Tmut/Pois      0%         N/A       83%         3
 Corpse Rot               Necr/Pois/Air  0%         N/A       99%         4
 Dispel Undead            Necr           0%         3d6       99%         4
 Lightning Bolt           Conj/Air       0%         1d11      100%        5
 Death Channel            Necr           0%         N/A       100%        6
 Maxwell's Capacitive Co  Air            0%         ∞         100%        8


Dungeon Overview and Level Annotations

Branches:
Dungeon (11/15)            Temple (1/1) D:6            Lair (1/5) D:8
    Orc (0/2) D:10         Bailey (visited)

Altars:
Ashenzari
Cheibriados
Dithmenos
Elyvilon
Fedhas
Gozag
Hepliaklqana
Kikubaaqudgha
Makhleb
Nemelex Xobeh
Okawaru
Qazlal
Ru
Sif Muna
Trog
Uskayaw
Vehumet
Wu Jian
Xom
Yredelemnul
Zin
The Shining One

Shops:
D:1 [   D:7 (=


Innate Abilities, Weirdness & Mutations

You have a pair of horns on your head.
You reflexively headbutt those who attack you in melee.


Message History

* * * LOW HITPOINT WARNING * * *
The 12-headed hydra bites you but does no damage.
The 12-headed hydra bites you.
* * * LOW HITPOINT WARNING * * *
The 12-headed hydra completely misses you.
You block the 12-headed hydra's attack. The 12-headed hydra bites you.
* * * LOW HITPOINT WARNING * * *
You slice one of the 12-headed hydra's heads off!
The 11-headed hydra grows two more!
You hit the 13-headed hydra.
The 13-headed hydra is severely wounded.
You barely miss the 13-headed hydra. You headbutt the 13-headed hydra!
The 13-headed hydra is almost dead.
You block the 13-headed hydra's attack. The 13-headed hydra bites you.
* * * LOW HITPOINT WARNING * * *
You block the 13-headed hydra's attack. x2
The 13-headed hydra bites you but does no damage. x3
The 13-headed hydra closely misses you.
The 13-headed hydra bites you but does no damage.
You block the 13-headed hydra's attack. The 13-headed hydra bites you.
* * * LOW HITPOINT WARNING * * *
The 13-headed hydra barely misses you. The 13-headed hydra bites you.
* * * LOW HITPOINT WARNING * * *
You barely miss the 13-headed hydra. You headbutt the 13-headed hydra.
The 13-headed hydra is almost dead.
The 13-headed hydra misses you. You furiously retaliate!
You headbutt the 13-headed hydra. The 13-headed hydra barely misses you.
You block the 13-headed hydra's attack. The 13-headed hydra closely misses you.
The 13-headed hydra misses you. You block the 13-headed hydra's attack.
The 13-headed hydra closely misses you. x3
The 13-headed hydra barely misses you. The 13-headed hydra closely misses you.
The 13-headed hydra bites you!
* * * LOW HITPOINT WARNING * * *
The 13-headed hydra completely misses you.
You chop one of the 13-headed hydra's heads off!
The 12-headed hydra grows two more!
You slash the 14-headed hydra!
The 14-headed hydra is almost dead.
The 14-headed hydra bites you.
* * * LOW HITPOINT WARNING * * *
The 14-headed hydra bites you.
You die...

###.... ..# .
##...... ....
..#......######...
..........#......
. .........#..#.#
.. #.......#○.#
#.#
#.....°.##...##
#......@D†...#
#.<....##°.....
##......# ..###
#......## .#
#........# #
#.$.......+
...........+
...........+
.###........#


You could see a 14-headed hydra.

Vanquished Creatures
  2 vault guards (Bailey)
  A rakshasa (D:10)
  Harold (D:10)
  A two-headed ogre (D:10)
  A skeletal warrior (D:10)
  A harpy (shapeshifter) (D:10)
  Maurice (D:8)
  A cane toad (Lair:1)
  A yaktaur (D:10)
  An unseen horror zombie (D:9)
  3 trolls (D:10)
  Prince Ribbit (Bailey)
  A shadow (D:9)
  2 wraiths
  5 yaks
  A vampire (D:11)
  5 humans (Bailey)
  3 steam dragons
  4 water moccasins
  A sky beast (D:8)
  An ice beast (D:7)
  8 orc warriors
  A hornet zombie (D:9)
  A black bear (D:7)
  2 ogres
  2 centaurs
  2 phantoms
  4 kobold brigands
  2 necrophages
  18 bullfrogs
  2 scorpions
  6 wights
  5 killer bees (D:9)
  2 howler monkeys
  4 centaur zombies (D:9)
  4 hounds
  A jelly (D:4)
  3 orc priests
  A human zombie (D:9)
  A gnoll bouda (D:7)
  3 iguanas
  12 orc wizards
  2 mummies (D:9)
  Robin (D:3)
  17 gnolls
  A howler monkey zombie (D:9)
  11 adders
  A river rat (Lair:1)
  2 worms (D:4)
  3 dart slugs (D:4)
  46 orcs
  6 ball pythons
  8 bats
  5 endoplasms
  A giant cockroach (D:4)
  24 goblins
  21 hobgoblins
  22 kobolds
  4 frilled lizards
  A quokka zombie (D:7)
  4 rats
  A rat zombie (D:7)
303 creatures vanquished.

Vanquished Creatures (others)
  An orc wizard (D:10)
  An orc (D:8)
  4 plants
6 creatures vanquished.

Grand Total: 309 creatures vanquished

Notes
Turn   | Place    | Note
-------+----------+-------------------------------------------
     0 | D:1      | clackabat the Minotaur Monk began the quest for the Orb.
     0 | D:1      | Reached XP level 1. HP: 19/19 MP: 0/0
   214 | D:1      | Reached skill level 4 in Axes
   339 | D:1      | Reached XP level 2. HP: 27/27 MP: 1/1
   562 | D:1      | Found Movinaso's Antique Armour Emporium.
   674 | D:1      | Found a faded altar of an unknown god.
  1063 | D:2      | Reached XP level 3. HP: 33/33 MP: 2/2
  1127 | D:2      | Reached skill level 5 in Axes
  1949 | D:3      | You are sucked into a shaft and drop 3 floors!
  1968 | D:6      | Found a glowing golden altar of the Shining One.
  1992 | D:6      | Reached XP level 4. HP: 31/41 MP: 3/3
  2235 | D:6      | Found a staircase to the Ecumenical Temple.
  2244 | Temple   | Entered the Ecumenical Temple
  2543 | Temple   | Reached skill level 6 in Axes
  2543 | Temple   | Reached XP level 5. HP: 40/47 MP: 4/4
  2633 | D:6      | Reached skill level 5 in Fighting
  2673 | D:6      | Noticed an ogre
  2682 | D:6      | Killed an ogre
  2804 | D:5      | Entered Level 5 of the Dungeon
  2822 | D:4      | Found an ancient bone altar of Kikubaaqudgha.
  2828 | D:4      | Reached skill level 7 in Axes
  2830 | D:4      | Reached XP level 6. HP: 41/56 MP: 5/5
  3070 | D:4      | Found a hazy altar of Hepliaklqana.
  3817 | D:3      | Reached skill level 8 in Axes
  4019 | D:3      | Noticed Robin
  4035 | D:3      | Killed Robin
  4036 | D:3      | Reached XP level 7. HP: 46/63 MP: 6/6
  4454 | D:5      | Found a shadowy altar of Dithmenos.
  4607 | D:5      | Found a burning altar of Makhleb.
  4721 | D:5      | Identified the +2 leather armour of Kief Cache {Fly Int+2}
  5172 | D:5      | Reached skill level 9 in Axes
  5702 | D:6      | Noticed a steam dragon
  5714 | D:6      | Killed a steam dragon
  5715 | D:6      | Reached XP level 8. HP: 67/73 MP: 7/7
  5721 | D:6      | Reached skill level 10 in Axes
  6362 | D:7      | Reached skill level 11 in Axes
  6372 | D:7      | Found a sand-covered staircase.
  6392 | D:7      | Found a flagged portal.
  6401 | Bailey   | Entered a bailey
  6489 | Bailey   | Reached skill level 12 in Axes
  6489 | Bailey   | Reached XP level 9. HP: 60/82 MP: 8/8
  6523 | Bailey   | Reached skill level 1 in Armour
  6545 | Bailey   | Reached skill level 5 in Dodging
  6565 | Bailey   | Noticed a vault guard
  6565 | Bailey   | Noticed Prince Ribbit
  6569 | Bailey   | Killed Prince Ribbit
  6570 | Bailey   | Reached skill level 10 in Fighting
  6581 | Bailey   | Killed a vault guard
  6582 | Bailey   | Reached skill level 5 in Armour
  6615 | Bailey   | Noticed a vault guard
  6620 | Bailey   | Reached XP level 10. HP: 89/94 MP: 9/9
  6656 | Bailey   | Killed a vault guard
  6929 | D:7      | Found a stormy altar of Qazlal.
  6938 | D:7      | Became a worshipper of Qazlal Stormbringer
  6938 | D:7      | Reached * piety under Qazlal
  6938 | D:7      | Reached ** piety under Qazlal
  6976 | D:7      | Found a shimmering blue altar of Sif Muna.
  7128 | D:7      | Found a hide-covered altar of Uskayaw.
  7181 | D:7      | Found Qauf's Jewellery Shop.
  7408 | D:7      | Found Tereb's Weapon Shoppe.
  7658 | D:8      | Reached skill level 5 in Shields
  7658 | D:8      | Reached XP level 11. HP: 105/105 MP: 10/10
  7659 | D:8      | Reached skill level 15 in Axes
  7659 | D:8      | Reached XP level 12. HP: 113/113 MP: 11/11
  7716 | D:8      | Noticed Maurice
  7725 | D:8      | Killed Maurice
  7825 | D:8      | Found a staircase to the Lair.
  8312 | D:9      | Found a basalt altar of Yredelemnul.
  8559 | D:9      | Reached *** piety under Qazlal
  8608 | D:9      | Found an opulent altar of Gozag.
  9050 | D:9      | Upgraded the game from 0.29-a0-872-g797fff5ad1 to
                  | 0.29-a0-876-gfc89b1a5bd
  9053 | D:10     | Entered Level 10 of the Dungeon
  9120 | D:10     | Noticed a two-headed ogre
  9128 | D:10     | Noticed a rakshasa
  9135 | D:10     | Killed a two-headed ogre
  9145 | D:10     | Killed a rakshasa
  9497 | D:10     | Reached skill level 10 in Armour
  9502 | D:10     | Noticed Harold
  9528 | D:10     | Killed Harold
  9529 | D:10     | Reached skill level 10 in Dodging
  9541 | D:10     | Reached XP level 13. HP: 120/122 MP: 12/12
  9584 | D:10     | Found a staircase to the Orcish Mines.
  9697 | D:10     | Found a broken altar of Ashenzari.
  9846 | D:10     | Found a white marble altar of Elyvilon.
  9922 | D:11     | Reached **** piety under Qazlal
 10089 | Lair:1   | Entered Level 1 of the Lair of Beasts
 10116 | Lair:1   | HP: 5/122 [13-headed hydra (10)]
 10117 | Lair:1   | Slain by a 14-headed hydra

Illustrated notes

Levels and vault maps discovered:
D:1:      matt_arrival_refuge, layout_loops_ring, serial_shops,
          nicolae_shop_waterfront, ebering_ecumenical_altar_hall
D:2:      layout_basic, minmay_misc_feat_rows
D:3:      layout_rooms, minmay_misc_feat_secret_circle, minmay_misc_feat_five,
          uniq_robin
D:4:      layout_rooms, mainiacjoe_overflow_alcove_4,
          mainiacjoe_overflow_alcove_1
D:5:      corexii_shantytown, layout_layer_cave, bloody_makhleb,
          nicolae_dithmenos_through_a_glass_darkly, dk_noncrumbling_3
D:6:      cheibrodos_steamvent, layout_cave_pools, tso_altar,
          minmay_temple_entry_sparse_star
D:7:      layout_basic, mainiacjoe_overflow_chevrons,
          mainiacjoe_overflow_boulevard, lemuel_blue_sif_altar, enter_bailey_1,
          enter_ossuary_4, serial_shops, nicolae_lakefront_shop,
          kennysheep_mini_moat
D:8:      layout_loops_ring, lair_entry_dummy, uniq_maurice
D:9:      layout_loops_ring, grunt_gozag_breadcrumbs,
          lemuel_mausoleum_altar_yredelemnul, minmay_increasing_density
D:10:     minmay_bloctagon_deflated, layout_basic, elyvilon_altar_4,
          marbit_many_paths, david_orc_4, uniq_harold
D:11:     layout_gridville, serial_shops, nicolae_lakefront_shop,
          nicolae_specific_store, minivault_25, kennysheep_small_circle
Temple:   nicolae_temple_two_arcs
Lair:1:   wad_woods_tower, layout_layer_cave, kennysheep_abandoned_house

Skill      XL: |  1  2  3  4  5  6  7  8  9 10 11 12 |
---------------+-------------------------------------+-----
Axes           | 4 5 6 7 8 9 12 15 | 15.5
Fighting       | 4 5 6 7 8 10 12 13 | 13.6
Armour         | 5 8 10 | 10.4
Dodging        | 6 8 10 | 10.3
Shields        | 5 7 |  7.8
Stealth        | |  1.5

Action                   |  1- 3 |  4- 6 |  7- 9 | 10-12 | 13-15 || total
-------------------------+-------+-------+-------+-------+-------++-------
Melee: Hand axe          |    75 |   154 |   196 |       |       ||   425
       Headbutt          |     8 |    30 |    52 |    90 |    25 ||   205
       Punch             |     1 |     2 |     5 |       |       ||     8
       War axe           |       |       |    60 |   353 |    60 ||   473
       Unarmed           |       |       |       |     6 |       ||     6
Throw: Dart              |       |       |     3 |     1 |       ||     4
Invok: Upheaval          |       |       |       |     1 |       ||     1
  Use: Scroll            |     3 |     1 |     9 |     8 |       ||    21
       Potion            |     1 |     3 |     3 |     3 |       ||    10
 Stab: Sleeping          |     4 |       |     4 |       |       ||     8
       Invisible         |       |       |     4 |       |       ||     4
Armor: Robe              |     2 |       |       |       |       ||     2
       Leather armour    |    17 |    42 |    33 |       |       ||    92
       Steam dragon scal |       |       |    55 |    65 |    23 ||   143
Dodge: Dodged            |    46 |    92 |   161 |   192 |    62 ||   553
Block: Buckler           |       |       |       |    92 |    41 ||   133
       Other             |       |       |       |     1 |       ||     1

Table legend: (Time is in decaauts)
 A = Elapsed time spent in this place.
 B = Non-inter-level travel time spent in this place.
 C = Inter-level travel time spent in this place.
 D = Time resting spent in this place.
 E = Time spent auto-exploring this place.
 F = Levels seen in this place.
 G = Mean time per level.
                   A        B        C        D        E       F      G
               +--------+--------+--------+--------+--------+-----+--------+
         Total |   9994 |   8872 |   1122 |   1296 |   5804 |  14 |  713.9 |
       Dungeon |   9296 |   8264 |   1032 |   1035 |   5695 |  11 |  845.1 |
        Temple |    296 |    207 |     89 |    183 |      0 |   1 |  296.0 |
          Lair |     24 |     24 |      0 |      0 |      4 |   1 |   24.0 |
        Bailey |    377 |    377 |      0 |     78 |    105 |   1 |  377.0 |
               +--------+--------+--------+--------+--------+-----+--------+

Top non-repeatable levels by time:
     D:5: 1358 daAuts
     D:6: 1162 daAuts
     D:2: 1135 daAuts
    D:10: 962 daAuts
     D:7: 891 daAuts
     D:9: 872 daAuts
     D:3: 823 daAuts
     D:1: 758 daAuts
     D:4: 720 daAuts
     D:8: 590 daAuts
  Bailey: 377 daAuts
  Temple: 296 daAuts
  Lair:1: 24 daAuts
    D:11: 20 daAuts
